 Dungeon Crawl Stone Soup version 0.22.1-2-g9c5b331 (webtiles) character file.

126 dvd the Magician (level 4, 0/31 HPs)
             Began as a Demonspawn Wizard on Dec 20, 2018.
             Slain by a hobgoblin
             ... wielding a cursed +0 club
              (5 damage)
             ... on level 3 of the Dungeon.
             The game lasted 00:08:50 (3359 turns).

dvd the Magician (Demonspawn Wizard)                Turns: 3359, Time: 00:08:52

Health: 0/31       AC:  3    Str:  7    XL:     4   Next: 84%
Magic:  3/10       EV: 12    Int: 21    God:
Gold:   132        SH:  0    Dex: 11    Spells: 5/11 levels left

rFire    . . .     SeeInvis .   i - +0 dagger
rCold    . . .     Gourm    .   (no shield)
rNeg     . . .     Faith    .   a - +0 robe
rPois    .         Spirit   .   b - +0 hat
rElec    .         Reflect  .   k - +0 cloak
rCorr    .         Harm     .   (no gloves)
MR       +....                  (no boots)
Stlth    ++........             (no amulet)
HPRegen  0.10/turn              c - ring of protection from magic
MPRegen  0.12/turn              (no ring)

@: no status effects
A: antennae 1, rot immunity
a: no special abilities


You were on level 3 of the Dungeon.
You were hungry.

You visited 1 branch of the dungeon, and saw 3 of its levels.

You collected 132 gold pieces.

Inventory:

Hand Weapons
 i - a +0 dagger (weapon)
Armour
 a - a +0 robe (worn)
 b - a +0 hat (worn)
 f - a +0 ring mail
 k - a +0 cloak (worn)
Jewellery
 c - a ring of protection from magic (left hand)
Scrolls
 e - a scroll of immolation {unknown}
 g - 2 scrolls of identify {unknown}
 h - 3 scrolls of amnesia {unknown}
 j - a scroll of remove curse {unknown}
 m - a scroll of enchant armour {unknown}
Potions
 l - 2 potions of might {unknown}
 n - a potion of mutation {unknown}
 o - 2 potions of berserk rage {unknown}
Comestibles
 d - 3 rations


   Skills:
 + Level 0.5 Fighting
 + Level 1.2 Short Blades
 + Level 0.4 Armour
 + Level 2.1 Dodging
 + Level 2.2 Stealth
 - Level 0.1 Unarmed Combat
 + Level 4.1 Spellcasting
 + Level 1.8 Conjurations
   Level 1.0 Summonings
 + Level 0.8 Translocations
 + Level 0.3 Poison Magic


You had 5 spell levels left.
You knew the following spells:

 Your Spells              Type           Power        Failure   Level  Hunger
a - Magic Dart            Conj           ##..         5%          1    None
b - Mephitic Cloud        Conj/Pois/Air  #.......     26%         3    ###....
c - Blink                 Tloc           N/A          13%         2    #......

Your spell library contained the following spells:

 Spells                   Type           Power        Failure   Level  Hunger
 Call Imp                 Summ           #.......     12%         2    #......
 Slow                     Hex            #.......     19%         2    #......
 Conjure Flame            Conj/Fire      #.......     24%         3    ###....


Dungeon Overview and Level Annotations

Branches:
Dungeon (3/15)

Altars:
Zin


Innate Abilities, Weirdness & Mutations

You have a pair of small antennae on your head.
You are immune to rotting.


Message History

The rat barely misses you.
Unknown command.
You hit the rat but do no damage. The orc hits you with a mace.
* * * LOW HITPOINT WARNING * * *
The leopard gecko bites you.
* * * LOW HITPOINT WARNING * * *
Casting: Blink (safe; 13% risk of failure)
Confirm with . or Enter, or press ? or * to list all spells.
Aiming: Mephitic Cloud (safe; 26% risk of failure)
Press: ? - help, Shift-Dir - straight line, f - leopard gecko
Aim: a leopard gecko (clinging)
Okay, then.
Unknown command.
Casting: Mephitic Cloud (safe; 26% risk of failure)
Confirm with . or Enter, or press ? or * to list all spells.
You blink.
A hobgoblin comes into view. It is wielding a club.
The hobgoblin shouts!
The hobgoblin hits you with a club.
You die...

##.. .## #.... ..# .#
...##.## ###.# .......
..#.##### #.##..##
#....... #.##.o.##
#.....#
##.##(#.o######.....#
##...#{##ol(r........##
#....oo#########@.....#
..?....# #g.....#
.......# #........
....o..# #........
#.....## #=.......
#.!...## ######.#.
.......# ... .......#
.$ .......#


You could see 2 orcs, a leopard gecko, a hobgoblin and a rat.

Vanquished Creatures
  2 adders
  2 worms (D:2)
  A dart slug (D:1)
  2 leopard geckos (D:2)
  7 bats
  2 giant cockroaches (D:2)
  6 hobgoblins
  3 jackals (D:1)
  A ball python (D:1)
  6 frilled lizards
  6 goblins
  3 kobolds (D:1)
  6 rats
47 creatures vanquished.

Vanquished Creatures (others)
  An ogre (D:2)
1 creature vanquished.

Grand Total: 48 creatures vanquished

Notes
Turn   | Place    | Note
-------+----------+-------------------------------------------
     0 | D:1      | dvd the Demonspawn Wizard began the quest for the Orb.
     0 | D:1      | Reached XP level 1. HP: 13/13 MP: 4/4
   322 | D:1      | Gained mutation: You have a pair of small antennae on your
                  | head. [demonic ancestry]
   322 | D:1      | Reached XP level 2. HP: 19/19 MP: 1/6
  1378 | D:1      | Reached XP level 3. HP: 24/24 MP: 5/8
  1587 | D:1      | Learned a level 3 spell: Mephitic Cloud
  1949 | D:2      | Noticed an ogre
  1964 | D:2      | Killed an ogre
  1964 | D:2      | Reached skill level 1 in Short Blades
  1964 | D:2      | Reached skill level 4 in Spellcasting
  1964 | D:2      | Gained mutation: You are immune to rotting. [demonic
                  | ancestry]
  1964 | D:2      | Reached XP level 4. HP: 24/31 MP: 2/10
  2352 | D:2      | Learned a level 2 spell: Blink
  2681 | D:2      | Noticed an ogre
  2815 | D:2      | Found a glowing silver altar of Zin.
  3359 | D:3      | Slain by a hobgoblin

Skill      XL: |  1  2  3 |
---------------+----------+-----
Dodging        | 2 |  2.1
Short Blades   | 1 |  1.2
Stealth        | 2 |  2.2
Spellcasting   | 4 |  4.1
Fighting       | |  0.5
Armour         | |  0.4
Unarmed Combat | |  0.1
Conjurations   | |  1.8
Summonings     | |  1.0
Translocations | |  0.8
Poison Magic   | |  0.3

Action                   |  1- 3 |  4- 6 || total
-------------------------+-------+-------++-------
Melee: Unarmed           |    19 |       ||    19
       Dagger            |    77 |    67 ||   144
 Cast: Magic Dart        |    61 |    27 ||    88
       Mephitic Cloud    |     4 |     8 ||    12
       Blink             |       |     4 ||     4
 Stab: Confused          |     3 |     2 ||     5
  Eat: Chunk             |     3 |     5 ||     8
Armor: Ring mail         |    32 |       ||    32
       Robe              |     4 |    16 ||    20
Dodge: Dodged            |    56 |    57 ||   113
